 Dungeon Crawl Stone Soup version 0.27.1-1-g398f81649c (webtiles) character file.

Game seed: 16659194974048028136

21 Rickety the Sneak (level 2, -1/13 HPs)
             Began as a Spriggan Enchanter on Sept 18, 2021.
             Slain by an adder (2 damage)
             ... on level 2 of the Dungeon.
             The game lasted 00:02:41 (2052 turns).

Rickety the Sneak (Spriggan Enchanter)              Turns: 2052, Time: 00:02:41

Health: -1/13      AC:  2    Str:  4    XL:     2   Next: 62%
Magic:  2/6        EV: 17    Int: 16    God:
Gold:   21         SH:  0    Dex: 15    Spells: 3/6 levels left

rFire    . . .     SeeInvis +   a - +1 dagger
rCold    . . .     Faith    .   (shield restricted)
rNeg     . . .     Spirit   .   b - +0 robe
rPois    .         Reflect  .   (helmet restricted)
rElec    .         Harm     .   (no cloak)
rCorr    .         Rampage  .   (gloves unavailable)
Will     .....                  (boots unavailable)
Stlth    +++.......             (no amulet)
HPRegen  0.04/turn              (no ring)
MPRegen  0.10/turn              (no ring)

@: very quick
A: very small, no large weapons, unfitting armour, see invisible, speed 3
a: no special abilities


You were on level 2 of the Dungeon.
You visited 1 branch of the dungeon, and saw 2 of its levels.

You collected 21 gold pieces.

Inventory:

Hand Weapons
 a - a +1 dagger (weapon)
Missiles
 i - 14 poisoned darts
Armour
 b - a +0 robe (worn)
Scrolls
 c - a scroll of enchant weapon {unknown}
 d - a scroll of fear {unknown}
 g - a scroll of identify {unknown}
 h - a scroll of amnesia {unknown}
Potions
 e - a potion of curing {unknown}
 f - a potion of attraction {unknown}
 j - 2 potions of might {unknown}


   Skills:
 + Level 0.1 Fighting
 + Level 1.5 Short Blades
 + Level 2.8 Dodging
 * Level 5.0 Stealth
 + Level 2.7 Spellcasting
 + Level 4.0 Hexes


You had 3 spell levels left.
You knew the following spells:

 Your Spells              Type           Power      Damage    Failure   Level
a - Corona                Hex            16%        N/A       3%          1
b - Ensorcelled Hibernat  Hex/Ice        16%        N/A       13%         2

Your spell library contained the following spells:

 Spells                   Type           Power      Damage    Failure   Level
 Confusing Touch          Hex            15%        N/A       11%         3
 Tukima's Dance           Hex            15%        N/A       11%         3
 Dazzling Flash           Conj/Hex       16%        N/A       26%         3


Dungeon Overview and Level Annotations

Branches:
Dungeon (2/15)

Altars:
Uskayaw


Innate Abilities, Weirdness & Mutations

You are very small and have problems with some larger weapons.
You are too small for most types of armour.
You have supernaturally acute eyesight. (SInv)
You cover ground extremely quickly. (Speed+++)


Message History

The helpless bat fails to defend itself.
You impale the bat!!
You kill the bat!
HP restored.
Magic restored.
An adder comes into view.
A bat comes into view.
The adder hisses angrily.
The adder completely misses you.
You hit the adder.
The adder is lightly wounded.
The bat misses you. The adder misses you.
Casting: Ensorcelled Hibernation (safe; 13% risk of failure)
Confirm with . or Enter, or press ? or * to list all spells.
Aiming: Ensorcelled Hibernation (safe; 13% risk of failure)
Press: ? - help, Shift-Dir - straight line, f - adder
Aim: an adder (lightly wounded, chance to affect: 49%)
The adder resists with some effort.
The adder bites you.
You are poisoned.
The adder poisons you!
You barely miss the adder.
The adder is lightly wounded.
You feel sick. The adder closely misses you.
You feel sick. The adder bites you but does no damage.
You feel sick.
You feel sick.
Casting: Ensorcelled Hibernation (safe; 13% risk of failure)
Confirm with . or Enter, or press ? or * to list all spells.
Aiming: Ensorcelled Hibernation (safe; 13% risk of failure)
Press: ? - help, Shift-Dir - straight line, f/p - adder
Aim: an adder (lightly wounded, chance to affect: 49%)
The adder resists with some effort.
You feel sick.
You feel sick.
You feel sick.
You are no longer poisoned.
The bat hits you.
* * * LOW HITPOINT WARNING * * *
There is a stone staircase leading up here.
The bat hits you but does no damage. The adder bites you.
You die...

#...# #.#.#
#....b#.#
#.#####.# #
#.#####.#
###.......#
..###.b....#..#
#.......S.>...#
.......@..##...
#.###.....# ..
# #.....# .
#######


You could see an adder and a bat.

Vanquished Creatures
  3 endoplasms
  A giant cockroach (D:1)
  A goblin (D:1)
  2 hobgoblins (D:1)
  2 kobolds (D:1)
  3 quokkas (D:1)
  A ball python (D:1)
  4 bats
17 creatures vanquished.

Vanquished Creatures (others)
  2 plants (D:2)
2 creatures vanquished.

Grand Total: 19 creatures vanquished

Notes
Turn   | Place    | Note
-------+----------+-------------------------------------------
     0 | D:1      | Rickety the Spriggan Enchanter began the quest for the Orb.
     0 | D:1      | Reached XP level 1. HP: 9/9 MP: 5/5
   382 | D:1      | Reached skill level 5 in Stealth
   631 | D:1      | Reached XP level 2. HP: 3/13 MP: 3/6
   634 | D:1      | Learned a level 2 spell: Ensorcelled Hibernation
  1948 | D:2      | Found a hide-covered altar of Uskayaw.
  2052 | D:2      | Slain by an adder

Illustrated notes

Levels and vault maps discovered:
D:1:      dpeg_arrival_arbitrary_c, layout_loops_cross
D:2:      layout_loops_ring, basic_altar, serial_bayou_crossing

Skill      XL: |  1  2 |
---------------+-------+-----
Stealth        | 5 |  5.0
Hexes          | 4 |  4.0
Fighting       | |  0.1
Short Blades   | |  1.5
Dodging        | |  2.8
Spellcasting   | |  2.7

Action                   || total
-------------------------++-------
Melee: Dagger            ||    86
 Cast: Corona            ||     7
       Ensorcelled Hiber ||    10
 Stab: Sleeping          ||     7
Armor: Robe              ||    10
Dodge: Dodged            ||    70
